 Dungeon Crawl Stone Soup version 0.29.1-2-gbd0b4ee654 (webtiles) character file.

Game seed: 9126856955932175814

242 cdecastro the Shooter (level 5, -2/42 HPs)
             Began as a Minotaur Hunter on Nov 13, 2022.
             Slain by a centaur (4 damage)
             ... on level 4 of the Dungeon.
             The game lasted 00:03:35 (3188 turns).

cdecastro the Shooter (Minotaur Hunter)             Turns: 3188, Time: 00:03:35

Health: -2/42      AC:  5    Str: 23    XL:     5   Next: 82%
Magic:  4/4        EV: 11    Int:  6    God:
Gold:   146        SH:  0    Dex: 14    Spells: 4/4 levels left

rFire   . . .      SeeInvis .   a - +0 shortbow
rCold   . . .      Faith    .   (shield currently unavailable)
rNeg    + . .      Spirit   .   d - +0 ring mail
rPois   .          Reflect  .   (helmet restricted)
rElec   .          Harm     .   (no cloak)
rCorr   .          Rampage  .   (no gloves)
Will    .....                   (no boots)
Stlth   +.........              (no amulet)
HPRegen 0.14/turn               n - +6 ring of strength
MPRegen 0.09/turn               j - ring of positive energy

@: no status effects
A: horns 2, retaliatory headbutt
a: no special abilities


You were on level 4 of the Dungeon.
You visited 1 branch of the dungeon, and saw 4 of its levels.

You collected 146 gold pieces.

Inventory:

Hand Weapons
 a - a +0 shortbow (weapon)
 p - a +2 mace of protection
Missiles
 e - 24 stones
 h - 3 datura-tipped darts
Armour
 c - a +0 leather armour
 d - a +0 ring mail (worn)
 g - a +0 pair of gloves
Jewellery
 j - a ring of positive energy (right hand)
 n - a +6 ring of strength (left hand)
 o - a ring of fire
 s - a +6 ring of strength
Scrolls
 b - a scroll of immolation
 k - 6 scrolls of identify {unknown}
 l - a scroll of fear {unknown}
 m - a scroll of silence {unknown}
 q - a scroll of poison {unknown}
 r - a scroll of noise {unknown}
 w - a scroll of blinking {unknown}
Potions
 f - 4 potions of curing {unknown}
 i - 2 potions of attraction {unknown}
 t - 2 potions of mutation {unknown}
 u - a potion of cancellation {unknown}
 v - a potion of lignification {unknown}
 x - a potion of might {unknown}
 z - a potion of brilliance {unknown}


   Skills:
 - Level 2.4 Fighting
 + Level 7.9 Ranged Weapons
 - Level 2.1 Dodging
 - Level 0.7 Stealth


You had 4 spell levels left.
You didn't know any spells.
Your spell library contained the following spells:

 Spells                   Type           Power      Damage    Failure   Level
 Slow                     Hex            0%         N/A       63%         1
 Confusing Touch          Hex            0%         N/A       94%         3
 Vampiric Draining        Necr           0%         2d6       94%         3


Dungeon Overview and Level Annotations

Branches:
Dungeon (4/15)
 Temple: D:4-7

Altars:
Ashenzari

Shops:
D:1 (

Annotations:
D:4 1 runed translucent door, styxcanada's ghost, amateur SpBr


Innate Abilities, Weirdness & Mutations

You have a pair of horns on your head.
You reflexively headbutt those who attack you in melee.


Message History

You shoot an arrow. The arrow barely misses the centaur.
The centaur closely misses you.
The centaur kicks you but does no damage.
The centaur hits you.
* * * LOW HITPOINT WARNING * * *
The centaur misses you.
Fire: a) +0 shortbow
Press: ? - help, Q - select action, (/) - cycle Shift-Dir - straight line, f/p - centaur
Aim: a centaur (heavily wounded, 73% to hit)
You shoot an arrow. The arrow barely misses the centaur.
The centaur hits you but does no damage.
The centaur kicks you.
* * * LOW HITPOINT WARNING * * *
Fire: a) +0 shortbow
Press: ? - help, Q - select action, (/) - cycle Shift-Dir - straight line, f/p - centaur
Aim: a centaur (heavily wounded, 73% to hit)
You shoot an arrow. The arrow barely misses the centaur.
The centaur hits you.
* * * LOW HITPOINT WARNING * * *
The centaur kicks you but does no damage.
The centaur hits you.
* * * LOW HITPOINT WARNING * * *
The centaur closely misses you.
Fire: a) +0 shortbow
Press: ? - help, Q - select action, (/) - cycle Shift-Dir - straight line, f/p - centaur
Aim: a centaur (heavily wounded, 73% to hit)
You shoot an arrow. The arrow hits the centaur.
The centaur is almost dead.
The centaur barely misses you. The centaur kicks you.
* * * LOW HITPOINT WARNING * * *
The centaur barely misses you.
The centaur kicks you but does no damage.
Fire: a) +0 shortbow
Press: ? - help, Q - select action, (/) - cycle Shift-Dir - straight line, f/p - centaur
Aim: a centaur (almost dead, 73% to hit)
You shoot an arrow. The arrow barely misses the centaur.
The centaur hits you.
* * * LOW HITPOINT WARNING * * *
The centaur closely misses you. The centaur hits you.
You die...

..........#########
#.####...............
#....................
..####..############.
#..# # . ...####..#
...........#
#..####..######
#..)c@†.......#
.....####....##.# ...
#.....# . '.....#
##........ ........#
......... .........
##########


You could see a centaur.

Vanquished Creatures
  2 orc priests (D:4)
  An orc wizard (D:4)
  6 adders
  2 gnolls (D:4)
  A shadow imp (D:3)
  2 dart slugs
  5 orcs
  9 bats
  4 endoplasms (D:1)
  A giant cockroach (D:3)
  9 goblins
  6 hobgoblins
  3 jackals (D:3)
  3 quokkas
  8 ball pythons
  4 frilled lizards
  8 kobolds
  2 rats (D:1)
76 creatures vanquished.

Notes
Turn   | Place    | Note
-------+----------+-------------------------------------------
     0 | D:1      | cdecastro the Minotaur Hunter began the quest for the Orb.
     0 | D:1      | Reached XP level 1. HP: 18/18 MP: 0/0
   199 | D:1      | Reached XP level 2. HP: 25/25 MP: 1/1
   205 | D:1      | Reached skill level 5 in Ranged Weapons
   263 | D:1      | Found Ynoevvap's Antique Weapon Shop.
   411 | D:1      | Found a faded altar of an unknown god.
   668 | D:1      | Reached XP level 3. HP: 30/30 MP: 2/2
  1211 | D:2      | Reached skill level 6 in Ranged Weapons
  1650 | D:3      | Reached XP level 4. HP: 35/37 MP: 3/3
  2094 | D:3      | Found a broken altar of Ashenzari.
  2565 | D:4      | Found a runed translucent door.
  2565 | D:4      | Noticed styxcanada's ghost (amateur SpBr)
  2595 | D:4      | Reached skill level 7 in Ranged Weapons
  2598 | D:4      | Reached XP level 5. HP: 26/42 MP: 4/4
  3176 | D:4      | Noticed a centaur
  3188 | D:4      | HP: 2/42 [centaur (4)]
  3188 | D:4      | Slain by a centaur

Illustrated notes

Levels and vault maps discovered:
D:1:      eino_arrival_cavern_d, layout_basic, serial_shops, shop,
          ebering_ecumenical_altar_webs, minivault_27, st_stairs_1
D:2:      layout_loops_ring, skrybe_limestone_x
D:3:      layout_loops_cross, old_standard_altar
D:4:      layout_basic, serial_shops, shop_statue, gammafunk_ghost_grave,
          st_stairs_4

Skill      XL: |  1  2  3  4 |
---------------+-------------+-----
Ranged Weapons | 5 6 7 |  7.9
Fighting       | |  2.4
Dodging        | |  2.1
Stealth        | |  0.7

Action                   |  1- 3 |  4- 6 || total
-------------------------+-------+-------++-------
 Fire: Shortbow          |   116 |   119 ||   235
Armor: Ring mail         |    14 |    29 ||    43
Dodge: Dodged            |    29 |    41 ||    70
